 Dungeon Crawl Stone Soup version 0.24.0-1-gfbc8707122 (webtiles) character file.

Game seed: 14332590344638765855, levelgen mode: deterministic

28 theanonym the Shooter (level 2, 0/21 HPs)
             Began as a Mummy Arcane Marksman on Oct 26, 2019.
             Slain by a hobgoblin
             ... wielding a +0 club
              (5 damage)
             ... on level 1 of the Dungeon.
             The game lasted 00:03:37 (1952 turns).

theanonym the Shooter (Mummy Arcane Marksman)       Turns: 1952, Time: 00:03:37

Health: 0/21       AC:  3    Str: 13    XL:     2   Next: 96%
Magic:  4/4        EV: 11    Int: 12    God:
Gold:   68         SH:  0    Dex: 12    Spells: 2/3 levels left

rFire    x . .     SeeInvis .   a - +0 shortbow
rCold    + . .     Gourm    .   (shield currently unavailable)
rNeg     + + +     Faith    .   f - +0 leather armour
rPois    ∞         Spirit   .   (no helmet)
rElec    .         Reflect  .   (no cloak)
rCorr    .         Harm     .   (no gloves)
MR       .....                  (no boots)
Stlth    +.........             c - amulet of inaccuracy (curse)
HPRegen  0.07/turn              h - ring of flight
MPRegen  0.09/turn              g - -3 ring of slaying (curse)

@: no status effects
A: no food or potions, fire vulnerability, cold resistance 1, negative energy
resistance 3, torment resistance, unbreathing
a: Evoke Flight


Innate Abilities, Weirdness & Mutations

You do not eat or drink.
Your flesh is vulnerable to fire.
You are immune to poison.
Your flesh is cold resistant. (rC+)
You are immune to negative energy. (rN+++)
You are immune to unholy pain and torment.
You can survive without breathing.


   Skills:
 - Level 1.0 Fighting
 + Level 2.9 Bows
 - Level 1.5 Dodging
 - Level 1.3 Spellcasting
 - Level 2.6 Hexes


You had 2 spell levels left.
You knew the following spells:

 Your Spells              Type           Power        Failure   Level  Hunger
a - Corona                Hex            #......      12%         1    N/A

Your spell library contained the following spells:

 Spells                   Type           Power        Failure   Level  Hunger
 Slow                     Hex            #.......     19%         2    N/A
 Inner Flame              Hex/Fire       #.......     54%         3    N/A
 Portal Projectile        Hex/Tloc       #.....       54%         3    N/A
 Cause Fear               Hex            #.........   77%         4    N/A
 Leda's Liquefaction      Hex/Erth       #.........   91%         4    N/A

Skill      XL: |  1 |
---------------+----+-----
Bows           | 2 |  2.9
Fighting       | |  1.0
Dodging        | |  1.5
Spellcasting   | |  1.3
Hexes          | |  2.6

Action                   || total
-------------------------++-------
Melee: Dagger            ||   127
 Fire: Shortbow          ||    73
 Stab: Sleeping          ||     1
Armor: Robe              ||     6
       Leather armour    ||    51
Dodge: Dodged            ||   136

Inventory:

Hand Weapons
 a - a +0 shortbow (weapon)
 b - a +0 dagger
Missiles
 d - 9 arrows (quivered)
Armour
 e - a +0 robe
 f - a +0 leather armour (worn)
Jewellery
 c - a cursed amulet of inaccuracy (around neck)
 g - a cursed -3 ring of slaying (right hand)
 h - a ring of flight (left hand)


You were on level 1 of the Dungeon.
You were not hungry.

You visited 1 branch of the dungeon, and saw 2 of its levels.

You collected 68 gold pieces.

Dungeon Overview and Level Annotations

Branches:
Dungeon (2/15)

Altars:

##### #.# #...
#.# #... #.#
+.. #.#
######.. #.#
#....#.######.#
#...........#
#.####.########
#(.g@..#
########


You could see a hobgoblin.

Notes
Turn   | Place    | Note
-------+----------+-------------------------------------------
     0 | D:1      | theanonym the Mummy Arcane Marksman began the quest for the
                  | Orb.
     0 | D:1      | Reached XP level 1. HP: 15/15 MP: 2/2
    16 | D:1      | HP: 7/15 [hobgoblin (4)]
    20 | D:1      | HP: 3/15 [leopard gecko (2)]
    22 | D:1      | Reached skill level 2 in Bows
    36 | D:1      | HP: 3/15 [bat (1)]
   348 | D:1      | Reached XP level 2. HP: 13/21 MP: 4/4
   967 | D:1      | HP: 10/21 [giant cockroach (2)]
   973 | D:1      | HP: 8/21 [frilled lizard (1)]
   975 | D:1      | HP: 2/21 [frilled lizard (3)]
  1413 | D:1      | HP: 8/21 [kobold (3)]
  1423 | D:2      | HP: 6/21 [kobold (2)]
  1947 | D:1      | HP: 10/21 [hobgoblin/+0 club (6)]
  1952 | D:1      | Slain by a hobgoblin

Vanquished Creatures
  An ooze (D:1)
  A leopard gecko (D:1)
  2 bats (D:1)
  2 giant cockroaches (D:1)
  A goblin (D:1)
  2 hobgoblins (D:1)
  2 jackals (D:1)
  A ball python (D:1)
  3 frilled lizards (D:1)
  5 kobolds
  A rat (D:1)
21 creatures vanquished.

Table legend:
 A = Turns spent in this place as a percentage of turns spent in the entire game.
 B = Non-inter-level travel turns spent in this place as a percentage of non-inter-level travel turns spent in the entire game.
 C = Inter-level travel turns spent in this place as a percentage of turns spent in this place.
 D = Turns resting spent in this place as a percentage of non-inter-level travel turns spent in this place.
 E = Turns spent auto-exploring this place as a percentage of non-inter-level travel turns spent in this place.
 F = Non-inter-level travel turns spent in this place divided by the number of levels of this place that you've seen.
                   A       B       C       D       E      F
               +-------+-------+-------+-------+-------+----------------------
         Total | 100.0 | 100.0 |   0.0 |  63.3 |  20.2 | 976.0
       Dungeon | 100.0 | 100.0 |   0.0 |  63.3 |  20.2 | 976.0
               +-------+-------+-------+-------+-------+----------------------
